 Dungeon Crawl Stone Soup version 0.30-a0-782-ge64f9170bb (webtiles) character file.

Game seed: 3254167706623453952

184 theswoord the Shooter (level 5, -18/29 HPs)
             Began as a Deep Elf Hunter on Mar 14, 2023.
             Demolished by an ogre
             ... wielding a +0 giant spiked club
              (24 damage)
             ... on level 4 of the Dungeon.
             The game lasted 00:06:33 (2963 turns).

theswoord the Shooter (Deep Elf Hunter)             Turns: 2963, Time: 00:06:33

Health: -18/29     AC:  5    Str: 10    XL:     5   Next: 36%
Magic:  7/7        EV: 12    Int: 14    God:
Gold:   136        SH:  5    Dex: 18    Spells: 1/4 levels left

rFire   . . .      SeeInvis .    a - +0 shortbow
rCold   . . .      Faith    .    (shield currently unavailable)
rNeg    . . .      Spirit   .    c - +1 leather armour
rPois   .          Reflect  +    (no helmet)
rElec   .          Harm     .    o - +0 cloak
rCorr   .          Rampage  .    (no gloves)
Will    .....                    (no boots)
Stlth   ++                       e - amulet of reflection
HPRegen 0.24/turn                (no ring)
MPRegen 0.10/turn                (no ring)

@: no status effects
A: no striking features
a: no special abilities


You were on level 4 of the Dungeon.
You visited 1 branch of the dungeon, and saw 4 of its levels.

You collected 136 gold pieces.

Inventory:

Hand Weapons
 a - a +0 shortbow (weapon)
 l - a +2 short sword of holy wrath
Armour
 c - a +1 leather armour (worn)
 m - a +0 helmet
 o - a +0 cloak (worn)
Jewellery
 e - an amulet of reflection (around neck)
Scrolls
 b - a scroll of immolation
 d - a scroll of identify
 k - 3 scrolls of amnesia
 n - 2 scrolls of poison {unknown}
Potions
 f - a potion of lignification {unknown}
 g - a potion of attraction {unknown}
 h - a potion of brilliance
 i - a potion of flight {unknown}
 j - 6 potions of curing {unknown}


   Skills:
 - Level 1.5 Fighting
 + Level 7.7 Ranged Weapons
 - Level 2.4 Dodging
 - Level 1.2 Stealth
 + Level 3.2 Summonings


You had one spell level left.
You knew the following spells:

 Your Spells              Type           Power      Damage    Failure   Level
a - Call Canine Familiar  Summ           9%         N/A       30%         3

Your spell library contained the following spells:

 Spells                   Type           Power      Damage    Failure   Level
 Summon Small Mammal      Summ           36%        N/A       11%         1
 Static Discharge         Conj/Air       0%         2-2/arc   52%         2
 Summon Guardian Golem    Hex/Summ       4%         N/A       52%         3
 Mephitic Cloud           Conj/Pois/Air  0%         N/A       75%         3
 Spider Form              Tmut/Pois      0%         N/A       75%         3
 Chain Lightning          Conj/Air       0%         N/A       100%        9


Dungeon Overview and Level Annotations

Branches:
Dungeon (4/15)
 Temple: D:4-7

Altars:
Hepliaklqana

Shops:
D:3 (


Message History

You climb downwards.
There is a stone staircase leading up here.
Found a stone staircase leading down.
Found an escape hatch in the ceiling.
A hobgoblin comes into view.
A hobgoblin is nearby!
You shoot an arrow. The arrow hits the hobgoblin.
You kill the hobgoblin!
No target in view!
The spell is extremely dangerous to miscast (30% risk of failure)!
Continue anyway? [Y]es or [N]o only, please.
The spell is extremely dangerous to miscast (30% risk of failure)!
Continue anyway?
Okay, then.
Okay, then.
Found a scale mail.
An ogre comes into view. It is wielding a +0 giant spiked club.
The ogre shouts!
An ogre is nearby!
You shoot an arrow. The arrow hits the ogre.
You shoot an arrow. The arrow barely misses the ogre.
An endoplasm comes into view.
You shoot an arrow. The endoplasm quivers.
The arrow hits the ogre.
You shoot an arrow. The arrow closely misses the ogre.
You shoot an arrow. The arrow hits the ogre!
The ogre attacks as you move away! The ogre barely misses you.
The ogre attacks as you move away! The ogre misses you.
You shoot an arrow. The arrow hits the ogre.
The ogre attacks as you move away! You block the ogre's attack.
The ogre attacks as you move away!
The ogre hits you with a +0 giant spiked club!!
Ouch! That really hurt!
* * * LOW HITPOINT WARNING * * *
You shoot an arrow.
The arrow hits the ogre but does no damage.
The endoplasm jiggles.
The ogre hits you with a +0 giant spiked club!!
Ouch! That really hurt!
You die...

#....#....
#.........
#......###
#........#
##............##
##.#.##>.......#
#.J....#... ...## .
#.O.#..#.###....#..
##@.#.......#...#.#
#..†........#......
##..#.......#.....#
###....###..<..###
#.<...###.#......
##.##..#.........
#................
#....##....##....
#....##..### ####


You could see an ogre and an endoplasm.

Vanquished Creatures
  Natasha (twice) (D:2)
  Robin (D:3)
  4 adders
  2 worms (D:2)
  An orc (D:3)
  11 bats
  6 endoplasms
  4 giant cockroaches
  12 goblins
  6 hobgoblins
  4 jackals (D:2)
  3 quokkas
  4 ball pythons
  2 frilled lizards (D:2)
  6 kobolds
  9 rats
77 creatures vanquished.

Notes
Turn   | Place    | Note
-------+----------+-------------------------------------------
     0 | D:1      | theswoord the Deep Elf Hunter began the quest for the Orb.
     0 | D:1      | Reached XP level 1. HP: 12/12 MP: 3/3
   435 | D:1      | Reached skill level 6 in Ranged Weapons
   435 | D:1      | Reached XP level 2. HP: 16/16 MP: 4/4
   921 | D:1      | Learned a level 1 spell: Summon Small Mammal
  1047 | D:2      | Reached XP level 3. HP: 17/20 MP: 2/5
  1089 | D:2      | Reached skill level 1 in Summonings
  1337 | D:2      | Noticed Natasha
  1344 | D:2      | Killed Natasha
  1345 | D:2      | Reached skill level 7 in Ranged Weapons
  1345 | D:2      | Reached XP level 4. HP: 25/25 MP: 4/6
  1660 | D:2      | Found a hazy altar of Hepliaklqana.
  1873 | D:2      | Noticed Natasha
  1882 | D:2      | Killed Natasha
  2189 | D:3      | Found Nueno's Antique Weapon Boutique.
  2221 | D:3      | Reached XP level 5. HP: 29/29 MP: 7/7
  2246 | D:3      | Got the Octavo of the Repulsive Wind
  2289 | D:3      | Identified the +6 whip "Pyles" {heavy, Int+2}
  2313 | D:3      | Learned a level 3 spell: Call Canine Familiar
  2470 | D:3      | Noticed Robin
  2483 | D:3      | Killed Robin
  2946 | D:4      | Noticed an ogre
  2963 | D:4      | Demolished by an ogre

Skill      XL: |  1  2  3  4  5 |
---------------+----------------+-----
Ranged Weapons | 6 7 |  7.7
Summonings     | 2 3 |  3.2
Fighting       | |  1.5
Dodging        | |  2.4
Stealth        | |  1.2

Action                     |  1- 3 |  4- 6 || total
---------------------------+-------+-------++-------
   Fire: Shortbow          |   106 |    93 ||   199
   Cast: Summon Small Mamm |     9 |     5 ||    14
    Use: Scroll            |     3 |     5 ||     8
 Armour: Leather armour    |     9 |    13 ||    22
  Dodge: Dodged            |    25 |    21 ||    46
  Block: Other             |       |     9 ||     9

Levels and vault maps discovered:
D:1:      mrwooster_arrival_arrow, layout_loops_corners, amethyst_killhole,
          grunt_decor_resistance
D:2:      layout_basic, basic_altar, uniq_natasha
D:3:      layout_basic, serial_shops, nicolae_shop_hallway_stairs, uniq_robin
D:4:      layout_cave_pools, nicolae_shop_i_like_big_books,
          uniq_crazy_yiuf_cottage, uniq_edmund, uniq_grinder
